 Dungeon Crawl Stone Soup version 0.25.1-1-g288607f (webtiles) character file.

Game seed: 6544791211270314806

8257 0gre the Cleaver (level 11, -9/97 HPs)
             Began as a Minotaur Berserker on July 21, 2020.
             Was an Elder of Trog.
             Mangled by an ice devil (15 damage)
             ... on level 2 of the Lair of Beasts.
             The game lasted 00:40:24 (12200 turns).

0gre the Cleaver (Minotaur Berserker)              Turns: 12200, Time: 00:40:24

Health: -9/97      AC: 13    Str: 25    XL:     11   Next: 7%
Magic:  10/10      EV: 11    Int:  4    God:    Trog [****..]
Gold:   117        SH:  0    Dex: 16    Spells: 10/10 levels left

rFire    . . .     SeeInvis .   a - +1 battleaxe
rCold    . . .     Gourm    .   (shield currently unavailable)
rNeg     . . .     Faith    .   d - +1 chain mail
rPois    .         Spirit   .   k - +1 hat
rElec    .         Reflect  .   (no cloak)
rCorr    +         Harm     .   (no gloves)
MR       .....                  (no boots)
Stlth    ..........             h - amulet of the acrobat
HPRegen  0.26/turn              y - ring of resist corrosion
MPRegen  0.12/turn              u - +6 ring of dexterity

@: no status effects
A: retaliatory headbutt, horns 2
a: Berserk, Trog's Hand, Brothers in Arms, Renounce Religion


You were on level 2 of the Lair of Beasts.
You worshipped Trog.
Trog was greatly pleased with you.
You were hungry.

You visited 2 branches of the dungeon, and saw 13 of its levels.

You collected 391 gold pieces.
You spent 274 gold pieces at shops.

Inventory:

Hand Weapons
 a - a +1 battleaxe (weapon)
 b - the +5 longbow of the Vendetta {freeze, +Blink}
   (You found it on level 7 of the Dungeon)

   It causes projectiles fired from it to freeze those they strike, causing
   extra injury to most foes and up to half again as much damage against
   particularly susceptible opponents.
   They can also slow down cold-blooded creatures.
   It lets you blink.
 c - a +0 morningstar
Missiles
 f - 161 stones
 g - 36 poisoned darts (quivered)
 t - 189 arrows
 x - 2 javelins
 F - 6 boomerangs
Armour
 d - a +1 chain mail (worn)
 k - a +1 hat (worn)
Jewellery
 h - an amulet of the acrobat (around neck)
 u - a +6 ring of dexterity (right hand)
 w - an uncursed ring of fire
 y - a ring of resist corrosion (left hand)
Wands
 i - a wand of acid (12)
 A - a wand of flame (15)
 B - a wand of digging (2)
 M - a wand of iceblast (10)
Scrolls
 n - 2 scrolls of teleportation
 r - 3 scrolls of enchant armour
 C - 8 scrolls of remove curse
 D - a scroll of fear
 H - a scroll of blinking
Potions
 e - 3 potions of lignification
 j - 2 potions of flight
 l - 2 potions of invisibility
 m - 2 potions of haste
 o - 3 potions of brilliance
 p - 4 potions of curing
 q - 3 potions of resistance
 s - 3 potions of might {unknown}
 v - 2 potions of heal wounds
 E - a potion of berserk rage {unknown}
 G - 3 potions of mutation
Miscellaneous
 J - a box of beasts
Comestibles
 z - 14 rations


   Skills:
 + Level 9.1 Fighting
 + Level 12.7 Axes
 + Level 5.4 Bows
 + Level 6.1 Throwing
 + Level 9.9 Armour
 + Level 3.6 Dodging
 + Level 0.1 Evocations


You had 10 spell levels left.
You didn't know any spells.
Your spell library was empty.

Dungeon Overview and Level Annotations

Branches:
Dungeon (11/15)            Temple (0/1) D:6            Lair (2/6) D:10
    Orc (0/2) D:11
  Swamp: Lair:2-4    Shoals: Lair:2-4     Snake: Lair:2-4    Spider: Lair:2-4

Altars:
Nemelex Xobeh

Shops:
D:4 *

Portals:
Ice
Cave: Lair:2


Innate Abilities, Weirdness & Mutations

You reflexively headbutt those who attack you in melee.
You have a pair of horns on your head.


Message History

Found a frozen archway.
There is an open door here.
You barely miss the ice devil. The ice devil closely misses you.
You barely miss the ice devil.
You headbutt the ice devil, but do no damage.
The ice devil hits you but does no damage.
You hit the ice devil but do no damage. You hit the ice devil.
The ice devil hits you. The ice devil freezes you! The ice devil hits you.
The ice devil freezes you!
You hit the ice devil but do no damage. You headbutt the ice devil.
The ice devil is lightly wounded.
You slash the ice devil! The ice devil hits you. The ice devil freezes you!
The ice devil hits you! The ice devil freezes you!!
* * * LOW HITPOINT WARNING * * *
Your chain mail prevents you from hitting the ice devil.
The ice devil is lightly wounded.
You hit the ice devil. The ice devil misses you. The ice devil hits you!
* * * LOW HITPOINT WARNING * * *
The ice devil freezes you!
You die...

####### ..∩..# .....
.... #### ... #.#. #.#
#..>## ##4## ##....#
#4@.#
#.....###'#+###..
##...#............####
#.[...........#.......
#......P#........)....
#....................#
##......##....#.......
#.!....#............#
#................# ##


You could see 2 ice devils.

Vanquished Creatures
  Harold (D:8)
  A black mamba (Lair:1)
  A spiny frog (Lair:1)
  A rime drake (Lair:1)
  A komodo dragon (Lair:1)
  A troll (D:11)
  Prince Ribbit (D:8)
  Grinder (D:4)
  2 hornets
  A hippogriff (D:11)
  4 yaks (Lair:1)
  A steam dragon (D:9)
  3 porcupines (D:10)
  2 water moccasins (Lair:1)
  An orc warrior (D:10)
  Duvessa (D:7)
  2 black bears (D:10)
  4 sky beasts
  2 phantoms
  A necrophage (D:10)
  9 ogres
  6 bullfrogs
  Dowan (D:7)
  2 scorpions
  10 killer bees (D:8)
  8 howler monkeys
  A crimson imp (D:10)
  A centaur zombie (D:6)
  7 orc priests
  A hound (D:4)
  2 iguanas (D:9)
  Jessica (D:3)
  8 orc wizards
  4 worker ants
  A killer bee zombie (D:10)
  A hound zombie (D:5)
  A hound skeleton (D:7)
  A howler monkey zombie (D:5)
  2 worker ant zombies
  3 gnolls (D:5)
  A howler monkey skeleton (D:5)
  11 adders
  A shadow imp (D:5)
  3 oozes
  5 worms
  3 dart slugs
  4 leopard geckos
  25 orcs
  6 giant cockroaches
  7 goblins
  A hobgoblin (D:2)
  11 jackals
  8 kobolds
  3 quokkas
  3 ball pythons (D:3)
  7 bats
  A frilled lizard (D:2)
  A jackal zombie (D:6)
  A leopard gecko zombie (D:6)
  A quokka skeleton (D:6)
  4 rats (D:2)
209 creatures vanquished.

Vanquished Creatures (others)
  5 fungi (D:10)
  2 plants (D:10)
7 creatures vanquished.

Grand Total: 216 creatures vanquished

Notes
Turn   | Place    | Note
-------+----------+-------------------------------------------
     0 | D:1      | 0gre the Minotaur Berserker began the quest for the Orb.
     0 | D:1      | Reached XP level 1. HP: 19/19 MP: 0/0
   258 | D:1      | Reached skill level 4 in Axes
   258 | D:1      | Reached XP level 2. HP: 24/27 MP: 1/1
  1048 | D:2      | Reached XP level 3. HP: 33/33 MP: 2/2
  1702 | D:3      | Reached ** piety under Trog
  1702 | D:3      | Reached skill level 1 in Throwing
  1702 | D:3      | Reached XP level 4. HP: 36/41 MP: 3/3
  1878 | D:3      | Noticed Jessica
  1886 | D:3      | Killed Jessica
  1970 | D:3      | Reached skill level 5 in Axes
  1970 | D:3      | Reached XP level 5. HP: 47/47 MP: 4/4
  2250 | D:4      | Noticed an ogre
  2257 | D:4      | Killed an ogre
  2257 | D:4      | Reached XP level 6. HP: 20/53 MP: 5/5
  2576 | D:4      | Reached skill level 6 in Axes
  2670 | D:4      | You fall into a shaft and drop 1 floor!
  2670 | D:5      | Entered Level 5 of the Dungeon
  2776 | D:5      | Noticed a sky beast
  2786 | D:5      | Killed a sky beast
  2786 | D:5      | Reached skill level 5 in Fighting
  2786 | D:5      | Reached XP level 7. HP: 61/61 MP: 6/6
  2818 | D:5      | Reached *** piety under Trog
  2818 | D:5      | Reached skill level 7 in Axes
  2885 | D:5      | Found a sparkling altar of Nemelex Xobeh.
  3386 | D:4      | Found Alur's Assorted Antiques.
  3392 | D:4      | Bought a scroll of remove curse for 84 gold pieces
  3392 | D:4      | Bought a lumpy purple potion for 25 gold pieces
  3392 | D:4      | Bought a scroll labeled CAFOUMMINYA for 28 gold pieces
  3392 | D:4      | Bought a fuming silvery potion for 25 gold pieces
  3411 | D:4      | Noticed Grinder
  3433 | D:4      | Killed Grinder
  3433 | D:4      | Reached skill level 8 in Axes
  3433 | D:4      | Reached skill level 5 in Armour
  3433 | D:4      | Reached XP level 8. HP: 46/69 MP: 7/7
  3660 | D:4      | Found a sparkling altar of Nemelex Xobeh.
  4082 | D:5      | Reached skill level 5 in Throwing
  5206 | D:6      | Found a staircase to the Ecumenical Temple.
  5490 | D:6      | Reached skill level 9 in Axes
  6240 | D:7      | Noticed Duvessa
  6240 | D:7      | Noticed Dowan
  6247 | D:7      | Killed Duvessa
  6247 | D:7      | Killed Dowan
  6367 | D:7      | Got a pitted longbow
  6406 | D:7      | Reached **** piety under Trog
  6413 | D:7      | Reached XP level 9. HP: 53/78 MP: 8/8
  6421 | D:7      | Identified the +5 longbow of the Vendetta {freeze, +Blink}
                  | (You found it on level 7 of the Dungeon)
  6861 | D:8      | Reached skill level 1 in Bows
  7007 | D:8      | Noticed Harold
  7026 | D:8      | Killed Harold
  7026 | D:8      | Reached skill level 10 in Axes
  7908 | D:8      | Noticed Prince Ribbit
  7916 | D:8      | Killed Prince Ribbit
  7916 | D:8      | Reached skill level 11 in Axes
  8102 | D:8      | You fall into a shaft and drop 3 floors!
  8110 | D:11     | Reached XP level 10. HP: 77/88 MP: 9/9
  8257 | D:11     | Noticed a death knight
  8306 | D:10     | Entered Level 10 of the Dungeon
  9014 | D:10     | Found a staircase to the Lair.
  9174 | D:10     | Paralysed by a hornet for 2 turns
  9627 | D:9      | Paralysed by a hornet for 1 turns
  9629 | D:9      | Reached skill level 12 in Axes
 10597 | D:4      | Bought a morningstar for 112 gold pieces
 10734 | Lair:1   | Entered Level 1 of the Lair of Beasts
 10960 | Lair:1   | Noticed a spiny frog
 10968 | Lair:1   | Killed a spiny frog
 11127 | Lair:1   | Reached skill level 5 in Bows
 11429 | Lair:1   | Noticed a black mamba
 11440 | Lair:1   | Killed a black mamba
 11440 | Lair:1   | Reached XP level 11. HP: 48/97 MP: 10/10
 12194 | Lair:2   | Found a frozen archway.
 12200 | Lair:2   | Mangled by an ice devil

Illustrated notes

Levels and vault maps discovered:
D:1:      wander_arrival_chamber, layout_basic, minivault_4,
          chequers_decorated_corner
D:2:      layout_rooms
D:3:      layout_rooms, uniq_jessica
D:4:      layout_cave_pools, serial_shops, nicolae_shop_waterfront,
          first_ration, nemelex_diamond_rough_becter, uniq_grinder
D:5:      layout_basic, nemelex_altar_shiori, minmay_misc_feat_nine_boxes
D:6:      layout_basic, minmay_temple_entry_mini_moons
D:7:      layout_basic, grunt_ogre_cave, uniq_duvessa
D:8:      layout_basic, uniq_prince_ribbit1, uniq_harold
D:9:      layout_basic, minmay_puff
D:10:     layout_roguey, grunt_lair_entry_orc_guard_hut
D:11:     layout_long_grid, zombieorc2_lemuel, enter_bailey_3
Lair:1:   layout_small_grid
Lair:2:   gammafunk_cloud_chamber, layout_misc_corridors,
          elwin_shoals_entry_rooms, portal_ice_cave_demonic_guard

Skill      XL: |  1  2  3  4  5  6  7  8  9 10 |
---------------+-------------------------------+-----
Fighting       | 4 5 6 7 9 |  9.1
Axes           | 4 5 6 8 9 11 12 | 12.7
Throwing       | 1 2 3 4 5 6 |  6.1
Armour         | 3 4 5 6 7 9 |  9.9
Dodging        | 3 |  3.6
Bows           | 4 5 |  5.4
Evocations     | |  0.1

Action                   |  1- 3 |  4- 6 |  7- 9 | 10-12 || total
-------------------------+-------+-------+-------+-------++-------
Melee: Hand axe          |    76 |    39 |       |       ||   115
       Headbutt          |    11 |    17 |    46 |    41 ||   115
       War axe           |       |    37 |   131 |       ||   168
       Battleaxe         |       |       |    58 |   149 ||   207
 Fire: Longbow           |       |       |    30 |    32 ||    62
Throw: Stone             |    18 |       |     3 |       ||    21
       Dart              |    27 |    26 |    16 |     6 ||    75
       Javelin           |       |       |    14 |       ||    14
Invok: Berserk           |       |       |     2 |       ||     2
Evoke: Wand              |       |       |       |     2 ||     2
  Use: Scroll            |     4 |     6 |    11 |     7 ||    28
  Eat: Chunk             |     2 |     4 |     5 |     5 ||    16
       Ration            |       |       |     4 |     2 ||     6
Armor: Chain mail        |    38 |    33 |    88 |    73 ||   232
       Animal skin       |     3 |       |       |       ||     3
Dodge: Dodged            |    28 |    47 |    97 |    89 ||   261
